 Dungeon Crawl Stone Soup version 0.22.1-1-ga44c0e5 (webtiles) character file.

566 Velaskes the Cudgeler (level 7, -10/54 HPs)
             Began as a Demonspawn Abyssal Knight on Oct 30, 2018.
             Was a Priest of Lugonu.
             Killed from afar by Natasha (28 damage)
             ... with an exploding inner flame
             ... hexed by the player character
             ... on level 5 of the Dungeon.
             The game lasted 00:23:22 (4716 turns).

Velaskes the Cudgeler (Demonspawn Abyssal Knight)   Turns: 4716, Time: 00:23:27

Health: -10/54     AC:  6    Str: 17    XL:     7   Next: 10%
Magic:  8/8        EV: 11    Int: 13    God:    Lugonu [***...]
Gold:   162        SH:  5    Dex: 15    Spells: 6/6 levels left

rFire    . . .     SeeInvis .   a - +1 mace
rCold    . . .     Gourm    .   l - +1 buckler
rNeg     . . .     Faith    .   p - +0 ring mail
rPois    .         Spirit   .   f - +1 hat
rElec    .         Reflect  .   (no cloak)
rCorr    .         Harm     .   (no gloves)
MR       .....                  (no boots)
Stlth    ++........             (no amulet)
HPRegen  0.18/turn              j - ring of flight
MPRegen  0.11/turn              q - +3 ring of strength

@: lethally poisoned (-10 -> -13)
A: thin skeletal structure 1, powered by death 2
a: Depart the Abyss, Bend Space, Banish, Renounce Religion, Evoke Flight


You were on level 5 of the Dungeon.
You worshipped Lugonu.
Lugonu was most pleased with you.
You were not hungry.

You visited 1 branch of the dungeon, and saw 5 of its levels.
You visited the Abyss 1 time.

You collected 162 gold pieces.

Inventory:

Hand Weapons
 a - a +1 mace (weapon)
 h - a +0 giant spiked club
Armour
 b - a +0 leather armour
 f - a +1 hat (worn)
 l - a +1 buckler (worn)
 p - a +0 ring mail (worn)
Magical Staves
 m - an uncursed staff of summoning {unknown}
Jewellery
 j - a ring of flight (left hand)
 q - a +3 ring of strength (right hand)
Wands
 o - a wand of acid (8)
Scrolls
 d - 2 scrolls of identify
 g - a scroll of noise
 i - a scroll of fear {unknown}
 k - a scroll of random uselessness {unknown}
Comestibles
 c - 6 rations


   Skills:
 + Level 4.2 Fighting
 + Level 5.0 Maces & Flails
 + Level 2.9 Armour
 + Level 2.9 Dodging
 + Level 0.9 Stealth
 + Level 0.7 Shields
 + Level 2.6 Invocations
 + Level 0.1 Evocations


You had 6 spell levels left.
You didn't know any spells.
Your spell library was empty.

Dungeon Overview and Level Annotations

Branches:
Dungeon (5/15)
 Temple: D:4-7

Altars:
Cheibriados
Trog
The Shining One


Innate Abilities, Weirdness & Mutations

You have a somewhat thin skeletal structure. (Dex +2, Stealth)
You regenerate health from kills.


Message History

The scorpion is almost dead.
You feel sick. The scorpion stings you.
You feel sick.
You feel sick. You block the scorpion's attack. Natasha closely misses you.
There is a stone staircase leading up here.
As you read the scroll of immolation, it crumbles to dust.
The creatures around you are filled with an inner flame!
You feel sick. Natasha claws you.
Aiming: Corrosive Bolt
Press: ? - help, Shift-Dir - straight line, f - Natasha
Aim: Natasha (inner flame)
The bolt of acid misses Natasha.
The bolt of acid hits the scorpion.
The scorpion is splashed with acid.
The acid corrodes the scorpion!
The scorpion explodes!
The fiery explosion engulfs Natasha.
Natasha explodes!
The fiery explosion engulfs you!
Ouch! That really hurt!
You die...

### ..#
######.#
...##.#
#...%#
#....#
#.#..#
#§#§§#
#@§§§#
#§#§.#
#.#..#
#.#..#
#..>..
###.##.
... ..
.## ##


There were no monsters in sight!

Vanquished Creatures
  2 ogres (D:4)
  A scorpion (D:4)
  A howler monkey (D:4)
  A hound (D:4)
  An orc priest (D:4)
  An orc wizard (D:4)
  Natasha (twice) (D:3)
  A worker ant (D:4)
  5 adders
  2 adder skeletons (D:4)
  6 worms
  2 dart slugs
  A leopard gecko (D:1)
  4 orcs
  2 ball pythons
  8 bats
  8 giant cockroaches (D:3)
  12 goblins
  3 hobgoblins
  9 jackals
  4 kobolds
  A quokka (D:3)
  4 frilled lizards
  A jackal skeleton (D:4)
  A quokka skeleton (D:4)
  10 rats
93 creatures vanquished.

Notes
Turn   | Place    | Note
-------+----------+-------------------------------------------
     0 | Abyss:1  | Velaskes the Demonspawn Abyssal Knight began the quest for
                  | the Orb.
     0 | Abyss:1  | Reached XP level 1. HP: 18/18 MP: 2/2
   215 | Abyss:1  | Noticed a smoke demon
   215 | D:1      | Escaped the Abyss
   411 | D:1      | Reached * piety under Lugonu
   411 | D:1      | Gained mutation: You regenerate a little health from kills.
                  | [demonic ancestry]
   411 | D:1      | Reached XP level 2. HP: 24/24 MP: 3/3
   414 | D:1      | Reached skill level 2 in Maces & Flails
   458 | D:1      | Reached skill level 1 in Dodging
  1118 | D:2      | Reached XP level 3. HP: 29/29 MP: 4/4
  1862 | D:3      | Reached ** piety under Lugonu
  1943 | D:3      | Reached skill level 3 in Maces & Flails
  1943 | D:3      | Gained mutation: You have a somewhat thin skeletal
                  | structure. (Dex +2, Stealth) [demonic ancestry]
  1943 | D:3      | Reached XP level 4. HP: 29/37 MP: 5/5
  1984 | D:3      | Noticed Natasha
  2024 | D:3      | Killed Natasha
  2225 | D:3      | Noticed Natasha
  2240 | D:3      | Killed Natasha
  2482 | D:3      | Found a snail-covered altar of Cheibriados.
  2483 | D:3      | Found a glowing golden altar of the Shining One.
  2583 | D:3      | Reached XP level 5. HP: 41/42 MP: 6/6
  3114 | D:4      | Reached skill level 4 in Maces & Flails
  3114 | D:4      | Gained mutation: You regenerate health from kills. [demonic
                  | ancestry]
  3114 | D:4      | Reached XP level 6. HP: 38/48 MP: 7/7
  3641 | D:4      | HP: 2/48 [ogre/giant spiked club (8)]
  4185 | D:4      | Noticed a moth of wrath
  4198 | D:4      | Reached XP level 7. HP: 54/54 MP: 8/8
  4201 | D:4      | Found a bloodstained altar of Trog.
  4219 | D:4      | Reached skill level 5 in Maces & Flails
  4234 | D:4      | Reached *** piety under Lugonu
  4694 | D:5      | Entered Level 5 of the Dungeon
  4710 | D:5      | Noticed Natasha
  4716 | D:5      | Killed Natasha
  4716 | D:5      | Killed from afar by Natasha

Skill      XL: |  1  2  3  4  5  6  7 |
---------------+----------------------+-----
Maces & Flails | 2 3 4 5 |  5.0
Dodging        | 1 2 |  2.9
Armour         | 2 |  2.9
Fighting       | 4 |  4.2
Stealth        | |  0.9
Shields        | |  0.7
Invocations    | |  2.6
Evocations     | |  0.1

Action                   |  1- 3 |  4- 6 |  7- 9 || total
-------------------------+-------+-------+-------++-------
Melee: Mace              |   116 |   204 |    54 ||   374
Invok: Depart the Abyss  |     1 |       |       ||     1
Evoke: Wand              |       |     3 |     1 ||     4
  Use: Scroll            |     6 |     5 |     2 ||    13
       Potion            |     2 |     5 |       ||     7
 Stab: Sleeping          |     1 |       |     1 ||     2
  Eat: Chunk             |     3 |     4 |       ||     7
       Ration            |       |     1 |     1 ||     2
Armor: Leather armour    |    57 |    54 |    11 ||   122
       Ring mail         |       |       |     5 ||     5
Dodge: Dodged            |    90 |   113 |    28 ||   231
Block: Buckler           |     5 |    36 |    13 ||    54
